Match 45308844
Unlisted

Match 45308844
End
Selects Panzerjäger Kommand Battlegroup
Panzergrenadier Squad
250 Light Carrier
Panzergrenadier Squad
Construct Light Support Kompanie
Selects Mine Fields
Combat Half-tracks
Fire Support Elements
250 Light Carrier
Selects Defensive Positions
2.5-tonne Medical Truck
Flakvierling Half-track
Tungsten Core Ammunition
Flakvierling Half-track
Selects Butterfly Bomb Drop
Butterfly Bomb Drop
Pak 38 Mechanized Group
Construct Mechanized Kompanie
18-tonne Recovery Half-track
Panzergrenadier Squad
Butterfly Bomb Drop
18-tonne Recovery Half-track
Selects Tank Busters
Selects Crew Shock Tactics
Vehicle Survival Package
Advanced Optics
Mettbrötchen
Shaft9987
BieTaMaShuoYingYu
JACKAL
lunsn1per
Aye
CPU - VERY EASY
hahaha
0
0

Comments sign in to comment!

No comments posted yet!